[Event "*** Titled Tuesday Blitz"]
[Site "Chess.com"]
[Date "2020.04.28"]
[Round "5"]
[White "morfius"]
[Black "Rsnr"]
[Result "0-1"]
[WhiteElo "2595"]
[BlackElo "2848"]
[TimeControl "180+1"]
[EndTime "10:51:43 PDT"]
[Termination "Rsnr won by resignation"]

1. e4 c6 2. Nf3 d5 3. Nc3 Bg4 4. h3 Bh5 5. exd5 cxd5 6. g4 Bg6 7. Ne5 Nc6 8. Bb5 Rc8 9. d4 e6 10. h4 f6 11. Nxg6 hxg6 12. Qd3 Kf7 13. h5 gxh5 14. gxh5 Nge7 15. a3 Nf5 16. Be3 a6 17. Ba4 b5 18.
Bb3 Na5 19. Ne2 Nxb3 20. Qxb3 Qc7 21. O-O-O Bd6 22. Kb1 Qc4 23. Rdg1 Qxe2 0-1

[Event "*** Titled Tuesday Blitz"]
[Site "Chess.com"]
[Date "2020.04.28"]
[Round "5"]
[White "Pomegranate988"]
[Black "Quiet_Desperation"]
[Result "1-0"]
[WhiteElo "2460"]
[BlackElo "1828"]
[TimeControl "180+1"]
[EndTime "10:51:49 PDT"]
[Termination "Pomegranate988 won by resignation"]

1. d4 Nf6 2. c4 e6 3. g3 Bb4+ 4. Bd2 Qe7 5. Bg2 Nc6 6. Nf3 Bxd2+ 7. Qxd2 Ne4 8. Qc2 Qb4+ 9. Kf1 f5 10. a3 Qe7 11. b4 O-O 12. b5 Nd8 13. Nbd2 Nxd2+ 14. Qxd2 Nf7 15. e3 d6 16. a4 e5 17. a5 f4 18.
exf4 exf4 19. Re1 Qd8 20. Qxf4 Ne5 21. Qe4 Bf5 22. Qd5+ 1-0

[Event "*** Titled Tuesday Blitz"]
[Site "Chess.com"]
[Date "2020.04.28"]
[Round "5"]
[White "Fy_Rakotomaharo"]
[Black "Camels1981"]
[Result "1-0"]
[WhiteElo "2642"]
[BlackElo "2217"]
[TimeControl "180+1"]
[EndTime "10:51:53 PDT"]
[Termination "Fy_Rakotomaharo won by resignation"]

1. e4 c5 2. Nf3 d6 3. d4 cxd4 4. Nxd4 Nf6 5. Nc3 a6 6. h4 e6 7.
g4 Be7 8. g5 Nfd7 9. Bg2 Qc7 10. Be3 Nc6 11. Qe2 b5 12. Nxc6 Qxc6 13. O-O-O Bb7 14.
Kb1 O-O-O 15. Bd4 b4 16. Nd5 Bf8 17. Bxg7 exd5 18. exd5 1-0

[Event "*** Titled Tuesday Blitz"]
[Site "Chess.com"]
[Date "2020.04.28"]
[Round "5"]
[White "IvanRadivojevic"]
[Black "olomi007"]
[Result "0-1"]
[WhiteElo "2481"]
[BlackElo "2659"]
[TimeControl "180+1"]
[EndTime "10:51:53 PDT"]
[Termination "olomi007 won by resignation"]

1. a3 c5 2. e4 Nc6 3. Nc3 g6 4. g3 Bg7 5. Bg2 d6 6. d3 e5 7. Be3 Nge7 8. Qd2 Nd4 9. Nd1 Be6 10. Rb1 O-O 11. c3 Nb3 12. Qc2 Rc8 13. f4 exf4 14. gxf4 d5 15. Qxb3 d4 16. Qc2 dxe3 17. Nxe3 f5 18.
e5 g5 19. Ne2 Ng6 20. Qa4 gxf4 21. Nxf4 Qh4+ 0-1

[Event "*** Titled Tuesday Blitz"]
[Site "Chess.com"]
[Date "2020.04.28"]
[Round "5"]
[White "LogoCzar"]
[Black "archess2"]
[Result "0-1"]
[WhiteElo "2355"]
[BlackElo "2226"]
[TimeControl "180+1"]
[EndTime "10:51:54 PDT"]
[Termination "archess2 won by checkmate"]

1. d4 d5 2. c4 c6 3. Nc3 Nf6 4. Nf3 e6 5. Bg5 dxc4 6. e4 b5 7. e5 h6 8. Bh4 g5 9. Nxg5 hxg5 10. Bxg5 Nbd7 11. g3 Bb7 12. Bg2 Qb6 13. exf6 O-O-O 14.
O-O c5 15. d5 b4 16. Re1 bxc3 17. bxc3 exd5 18. Rb1 Qc6 19. Rxb7 Qxb7 20. Bxd5 Qa6 21. Qg4 Kb8 22. Bxc4 Qc6 23. Bxf7 Bd6 24. Re7 Ne5 25. Rxe5 Bxe5 26. Qf5 Rd1# 0-1

[Event "*** Titled Tuesday Blitz"]
[Site "Chess.com"]
[Date "2020.04.28"]
[Round "5"]
[White "TheMightyBishops"]
[Black "manuellarrea"]
[Result "1-0"]
[WhiteElo "2005"]
[BlackElo "2167"]
[TimeControl "180+1"]
[EndTime "10:52:01 PDT"]
[Termination "TheMightyBishops won by resignation"]

1. e4 c5 2. c4 Nc6 3. Nc3 g6 4.
g3 Bg7 5. Bg2 d6 6. d3 Nf6 7. h3 O-O 8. Nge2 Ne8 9. g4 Nc7 10.
O-O Ne6 11. Ng3 Ned4 12. f4 e6 13. g5 f5 14. exf5 gxf5 15. h4 Rb8 16. h5 b6 17. Kh2 Bb7 18. Rg1 Nb4 19. Bd2 Bd5 20.
cxd5 1-0

[Event "*** Titled Tuesday Blitz"]
[Site "Chess.com"]
[Date "2020.04.28"]
[Round "5"]
[White "jacky72"]
[Black "eljanov"]
[Result "0-1"]
[WhiteElo "2707"]
[BlackElo "2894"]
[TimeControl "180+1"]
[EndTime "10:52:11 PDT"]
[Termination "eljanov won by checkmate"]

1. d4 d5 2. c4 e6 3. Nc3 Nf6 4. cxd5 exd5 5. Bg5 c6 6. Qc2 h6 7.
Bh4 Be7 8. e3 O-O 9. Bd3 Nbd7 10.
Nf3 Re8 11. O-O Ne4 12. Bxe7 Qxe7 13. Bxe4 dxe4 14. Nd2 f5 15. a3 Nf6 16. b4 Be6 17.
Na4 Bd5 18. Nc5 b6 19. Na4 Rac8 20. Nc3 Qe6 21. Rac1 b5 22. Nxd5 Nxd5 23. Nb3 f4 24. exf4 Nxf4 25. Nc5 Qg4 26. g3 Ne2+ 27. Kg2 Qf3+ 28.
Kh3 Nf4+ 29. Kh4 g5# 0-1

[Event "*** Titled Tuesday Blitz"]
[Site "Chess.com"]
[Date "2020.04.28"]
[Round "5"]
[White "vaishali2001"]
[Black "Oneofmyturns"]
[Result "1-0"]
[WhiteElo "2502"]
[BlackElo "2651"]
[TimeControl "180+1"]
[EndTime "10:52:15 PDT"]
[Termination "vaishali2001 won by resignation"]

1. Nf3 d5 2. g3 g6 3. Bg2 Bg7 4. d4 Nf6 5. c4 O-O 6. O-O dxc4 7. Na3 c3 8. bxc3 c5 9. Bb2 Qa5 10. Ne5 Rd8 11. Qb3 e6 12. Bxb7 Bxb7 13. Qxb7 Qb6 14. Qxa8 Qxb2 15. Rab1 Qxa3 16. Rxb8 Rxb8 17. Qxb8+ Bf8 18.
Qc7 1-0

[Event "*** Titled Tuesday Blitz"]
[Site "Chess.com"]
[Date "2020.04.28"]
[Round "5"]
[White "JessPinkman"]
[Black "EnergeticHay"]
[Result "1-0"]
[WhiteElo "2484"]
[BlackElo "2216"]
[TimeControl "180+1"]
[EndTime "10:52:15 PDT"]
[Termination "JessPinkman won by resignation"]

1. e4 c5 2. Nf3 d6 3. Bb5+ Nd7 4. Be2 Ngf6 5. Nc3 a6 6. a4 e6 7. O-O Be7 8. d4 cxd4 9. Qxd4 O-O 10. Rd1 Qc7 11.
Nd2 b6 12. Nc4 Nc5 13. Nxd6 Bxd6 14. Qxd6 Qxd6 15. Rxd6 Nfxe4 16. Nxe4 Nxe4 17. Rxb6 Rd8 18. Be3 Nf6 19. c4 Bd7 20. h3 Rdb8 21. a5 Rxb6 22. axb6 Bc6 23. b4 Nd7 24. c5 Bb7 25. b5 axb5 26. Rxa8+ Bxa8 27. Bxb5 Nb8 28. Bf4 Bc6 29.
Bxc6 Nxc6 30. b7 e5 31. Bxe5 1-0

[Event "*** Titled Tuesday Blitz"]
[Site "Chess.com"]
[Date "2020.04.28"]
[Round "5"]
[White "chessfrendz"]
[Black "suyu28"]
[Result "1/2-1/2"]
[WhiteElo "2434"]
[BlackElo "2595"]
[TimeControl "180+1"]
[EndTime "10:52:16 PDT"]
[Termination "Game drawn by repetition"]

1. d4 Nf6 2. Nf3 d5 3. Bf4 c5 4. c3 Nc6 5. e3 Bf5 6. Nbd2 e6 7. Bb5 Qb6 8. Qa4 a6 9. Bxc6+ Qxc6 10. Qxc6+ bxc6 11. dxc5 Bxc5 12. Nd4 Kd7 13. Nxf5 exf5 14. O-O-O Bd6 15.
Bxd6 Kxd6 16. Nc4+ Ke6 17. Na5 c5 18. c4 dxc4 19.
Nxc4 Ne4 20. f3 Nf6 21. Rd6+ Ke7 22. Rhd1 Rhd8 23. Rc6 Rdc8 24. Ne5 Rxc6 25. Nxc6+ Ke6 26. Nd8+ Ke7 27. Nc6+ Ke6 28. Nd8+ Ke7 29. Nc6+ 1/2-1/2

[Event "*** Titled Tuesday Blitz"]
[Site "Chess.com"]
[Date "2020.04.28"]
[Round "5"]
[White "Tayson_7"]
[Black "VqquyenCFT"]
[Result "1-0"]
[WhiteElo "2643"]
[BlackElo "2227"]
[TimeControl "180+1"]
[EndTime "10:52:18 PDT"]
[Termination "Tayson_7 won by resignation"]

1. e4 c5 2. Nc3 e6 3. Nge2 Nc6 4. g3 g6 5. d4 cxd4 6. Nxd4 Bg7 7. Ndb5 Bxc3+ 8. bxc3 d5 9. exd5 exd5 10. Bf4 Be6 11.
Nc7+ Kf8 12. Nxa8 Qxa8 13. Bg2 Nge7 14. O-O Kg7 15. Re1 Rd8 16. Qd2 h5 17. Bh6+ Kh7 18. Bg5 Qb8 19. Rab1 b6 20. Qe3 Qc7 21. Qf3 Rd7 22.
Rxe6 1-0

[Event "*** Titled Tuesday Blitz"]
[Site "Chess.com"]
[Date "2020.04.28"]
[Round "5"]
[White "2346PL"]
[Black "Alexchess1984"]
[Result "0-1"]
[WhiteElo "2490"]
[BlackElo "2674"]
[TimeControl "180+1"]
[EndTime "10:52:21 PDT"]
[Termination "Alexchess1984 won by resignation"]

1. d4 Nf6 2. Bg5 Ne4 3. Bf4 Nc6 4. f3 e5 5. dxe5 g5 6. Bg3 Nxg3 7. hxg3 Nxe5 8. e4 d6 9. Nc3 Be6 10. f4 Nc6 11. f5 Bd7 12. Nf3 Bg7 13. Qd2 h6 14. Bc4 Ne5 15. Bb3 Bc6 16. O-O-O Qf6 17.
Nd4 a5 18. Nxc6 bxc6 19. Ba4 O-O 20. Qe2 Rfb8 21. Rdf1 Rb6 22. a3 Nd7 23. Bb3 Nc5 24.
Bc4 Rab8 25. Nd1 Rxb2 26. Nxb2 Qxb2+ 27. Kd2 Qc3+ 28. Kc1 Rb1+ 0-1

[Event "*** Titled Tuesday Blitz"]
[Site "Chess.com"]
[Date "2020.04.28"]
[Round "5"]
[White "FranciscodelaF"]
[Black "EvilMorty23"]
[Result "1-0"]
[WhiteElo "2390"]
[BlackElo "2524"]
[TimeControl "180+1"]
[EndTime "10:52:23 PDT"]
[Termination "FranciscodelaF won by checkmate"]

1. d4 Nf6 2. c4 e6 3. g3 d5 4. Nf3 Bb4+ 5. Bd2 Be7 6. Bg2 O-O 7.
O-O c6 8. Qc2 b6 9. Bf4 Ba6 10.
Nbd2 Nbd7 11. b3 Rc8 12. Ne5 Bb7 13. e4 Nh5 14. Be3 Nxe5 15. dxe5 d4 16. Bf4 g5 17. Qd1 Ng7 18. Qg4 h5 19. Qe2 gxf4 20. gxf4 c5 21. Kh1 f5 22. Rg1 Kf7 23. exf5 Bxg2+ 24. Rxg2 exf5 25. e6+ Kg8 26. Qxh5 Rf6 27. Rxg7+ Kxg7 28. Rg1+ Kf8 29. Qh8# 1-0

[Event "*** Titled Tuesday Blitz"]
[Site "Chess.com"]
[Date "2020.04.28"]
[Round "5"]
[White "mjray79"]
[Black "djano"]
[Result "0-1"]
[WhiteElo "2252"]
[BlackElo "2450"]
[TimeControl "180+1"]
[EndTime "10:52:28 PDT"]
[Termination "djano won by checkmate"]

1. d4 d5 2. c4 c6 3. Nf3 Nf6 4. Nc3 a6 5. c5 b6 6. cxb6 Nbd7 7. b7 Bxb7 8. h3 e6 9. Bf4 c5 10. e3 c4 11. Be2 Bb4 12. O-O O-O 13. Na4 Ne4 14. a3 Bd6 15. Bxd6 Nxd6 16. b3 Rc8 17. bxc4 dxc4 18. Rc1 Qa5 19. Ne5 Nxe5 20. dxe5 Qxe5 21. Nb6 Rcd8 22. Qa4 c3 23. Nd7 Qg5 24. f3 Qxe3+ 25. Kh1 Qxe2 26. Nxf8 Rxf8 27. Rfd1 Nf5 28. Kh2 Bxf3 29. Rg1 Qe5+ 30. g3 Qe2+ 31. Rg2 Qxg2# 0-1

[Event "*** Titled Tuesday Blitz"]
[Site "Chess.com"]
[Date "2020.04.28"]
[Round "5"]
[White "EfM13"]
[Black "Shuvalov"]
[Result "0-1"]
[WhiteElo "2284"]
[BlackElo "2470"]
[TimeControl "180+1"]
[EndTime "10:52:36 PDT"]
[Termination "Shuvalov won by resignation"]

1. e4 e6 2. d4 d5 3. Nd2 Nf6 4. e5 Nfd7 5. f4 c5 6. Ngf3 Nc6 7. c3 Qb6 8. Nb3 Be7 9. Be2 a5 10. dxc5 Nxc5 11. Be3 a4 12. Nxc5 Bxc5 13. Bxc5 Qxc5 14. Qd2 Bd7 15. Nd4 O-O 16. O-O Rfc8 17. Rac1 Na5 18.
b4 axb3 19. axb3 Nxb3 20. Qb2 Nxc1 21. Rxc1 b5 22. Kh1 b4 23. Nb3 bxc3 0-1

[Event "*** Titled Tuesday Blitz"]
[Site "Chess.com"]
[Date "2020.04.28"]
[Round "5"]
[White "nadirsm"]
[Black "Xeslu"]
[Result "0-1"]
[WhiteElo "2103"]
[BlackElo "2367"]
[TimeControl "180+1"]
[EndTime "10:52:36 PDT"]
[Termination "Xeslu won by resignation"]

1. d4 Nf6 2. f4 b6 3. Nf3 Bb7 4.
e3 g6 5. Nbd2 Bg7 6. c3 O-O 7. Bc4 d5 8. Bd3 Ne4 9. Bxe4 dxe4 10.
Ng5 Nd7 11. Ngxe4 c5 12. O-O cxd4 13. exd4 Qc7 14. Qe2 Qc6 15. f5 Rae8 16. fxg6 hxg6 17.
Ng5 e5 18. Qg4 exd4 19. Nde4 Rxe4 20. Qh3 Rh4 21. Qg3 Be5 22. Bf4 Rxf4 0-1

[Event "*** Titled Tuesday Blitz"]
[Site "Chess.com"]
[Date "2020.04.28"]
[Round "5"]
[White "Nikolakis2014"]
[Black "thedjoker98"]
[Result "1-0"]
[WhiteElo "2717"]
[BlackElo "2512"]
[TimeControl "180+1"]
[EndTime "10:52:37 PDT"]
[Termination "Nikolakis2014 won by checkmate"]

1. Nf3 d5 2. d4 Nf6 3. c4 c6 4. Nc3 dxc4 5. e4 b5 6. Be2 b4 7. e5 bxc3 8. exf6 cxb2 9. fxg7 bxa1=Q 10. gxh8=Q Qa5+ 11. Kf1 c3 12. Qxf8+ Kxf8 13. Bh6+ Ke8 14.
Qxa1 Bf5 15. Ne5 Nd7 16. Nxc6 Qa3 17. Bc1 Qd6 18. Qxc3 Rc8 19. Bf3 Nb8 20. d5 Nxc6 21. dxc6 Rc7 22. Qh8# 1-0

[Event "*** Titled Tuesday Blitz"]
[Site "Chess.com"]
[Date "2020.04.28"]
[Round "5"]
[White "Keks2017"]
[Black "floplover"]
[Result "1-0"]
[WhiteElo "2414"]
[BlackElo "2236"]
[TimeControl "180+1"]
[EndTime "10:52:37 PDT"]
[Termination "Keks2017 won by resignation"]

1. e4 c6 2. d3 d5 3. Nd2 e5 4. Ngf3 Bd6 5. g3 Nf6 6. Bg2 O-O 7. O-O Re8 8. b3 Bg4 9. h3 Bh5 10. Bb2 Nbd7 11. a3 a5 12. c3 a4 13. b4 Bg6 14.
Nh4 Qc7 15. Qc2 Nb6 16. c4 dxc4 17. dxc4 Bf8 18. Nf5 Rad8 19. c5 Nc8 20. Nc4 b5 21. Nce3 Nb6 22. cxb6 1-0

[Event "*** Titled Tuesday Blitz"]
[Site "Chess.com"]
[Date "2020.04.28"]
[Round "5"]
[White "GuerrieroFromLevant"]
[Black "SummertimeFun"]
[Result "0-1"]
[WhiteElo "2326"]
[BlackElo "2331"]
[TimeControl "180+1"]
[EndTime "10:52:38 PDT"]
[Termination "SummertimeFun won by resignation"]

1. e4 c6 2. d4 d5 3. exd5 cxd5 4. Bd3 Nf6 5. h3 Nc6 6. c3 Qc7 7. Ne2 e6 8. Bf4 Bd6 9. Bxd6 Qxd6 10. Nd2 O-O 11. Nf3 a6 12. O-O b5 13. Qd2 Na5 14. Qf4 Qxf4 15. Nxf4 Nc4 16. b3 Nd6 17. Ne5 Bb7 18.
f3 Rac8 19. Rac1 Rfd8 20. Kf2 Nd7 21. Nxd7 Rxd7 22. Rc2 Rdc7 23. Rfc1 a5 24. Bf1 Ba6 25. Nd3 b4 26. Nc5 Bxf1 27. Kxf1 bxc3 28. a4 Nf5 29.
Rxc3 Nxd4 30. Ne4 Rxc3 31. Rxc3 Rxc3 32. Nxc3 Nxb3 33. Ke2 Kf8 34. Kd3 Ke7 0-1

[Event "*** Titled Tuesday Blitz"]
[Site "Chess.com"]
[Date "2020.04.28"]
[Round "5"]
[White "DenishevM"]
[Black "Casablanca"]
[Result "1-0"]
[WhiteElo "2566"]
[BlackElo "2397"]
[TimeControl "180+1"]
[EndTime "10:52:40 PDT"]
[Termination "DenishevM won by resignation"]

1. d4 Nf6 2. c4 c6 3. Nf3 d5 4.
Nbd2 e6 5. e3 Nbd7 6. Bd3 Be7 7.
O-O O-O 8. e4 dxe4 9. Nxe4 Nxe4 10. Bxe4 Nf6 11. Bc2 c5 12. Bg5 h6 13. Bh4 cxd4 14.
Qd3 Re8 15. Rad1 b6 16. Nxd4 Qc7 17. Nb5 Qc5 18. Bxf6 Bxf6 19. Nd6 Rd8 20. Qh7+ Kf8 21. Ne4 Qe5 22. Qh8+ 1-0

[Event "*** Titled Tuesday Blitz"]
[Site "Chess.com"]
[Date "2020.04.28"]
[Round "5"]
[White "TheFireChess"]
[Black "vovachesss"]
[Result "1-0"]
[WhiteElo "2426"]
[BlackElo "2559"]
[TimeControl "180+1"]
[EndTime "10:52:45 PDT"]
[Termination "TheFireChess won by resignation"]

1. g3 d5 2. Bg2 h5 3. h3 e5 4. d3 Nc6 5. Nc3 Be6 6. e4 d4 7. Nb1 Qd7 8. Ne2 O-O-O 9. f4 g6 10. Nd2 h4 11. g4 exf4 12. Nxf4 Bd6 13. Nf3 Nge7 14.
O-O Ne5 15. Nxe6 Nxf3+ 16. Qxf3 fxe6 17. e5 Nd5 18. exd6 Qxd6 19. Bf4 Qb6 20. Qe4 Kb8 21. Be5 Rhf8 22. Bxd4 Qa6 23. c4 Nb4 24. Rxf8 Rxf8 25. Bc5 Rd8 26. Bxb4 Qb6+ 27. c5 Qxb4 28. Qxb4 1-0

[Event "*** Titled Tuesday Blitz"]
[Site "Chess.com"]
[Date "2020.04.28"]
[Round "5"]
[White "Baby_Shak"]
[Black "Anaj14"]
[Result "1-0"]
[WhiteElo "2347"]
[BlackElo "2172"]
[TimeControl "180+1"]
[EndTime "10:52:46 PDT"]
[Termination "Baby_Shak won by checkmate"]

1. d4 d6 2. Nc3 Nf6 3. e4 g6 4. Bf4 Bg7 5. Qd2 h6 6. O-O-O g5 7. Be3 Ng4 8. h4 Nxe3 9. Qxe3 g4 10. f4 h5 11. Nge2 Nd7 12. Ng3 Nb6 13. Kb1 a6 14. e5 d5 15. f5 Bh6 16. Qf2 Bf8 17.
Bd3 c6 18. e6 f6 19. Nce2 Qd6 20. Nf4 Nc4 21. Bxc4 dxc4 22. Ne4 Qb4 23. c3 Qa5 24. d5 cxd5 25. Rxd5 Qc7 26. Rhd1 Bh6 27. Qc5 Qxf4 28. Rd8# 1-0

[Event "*** Titled Tuesday Blitz"]
[Site "Chess.com"]
[Date "2020.04.28"]
[Round "5"]
[White "MartinCerveny"]
[Black "kingnb"]
[Result "0-1"]
[WhiteElo "2598"]
[BlackElo "2473"]
[TimeControl "180+1"]
[EndTime "10:52:51 PDT"]
[Termination "kingnb won by resignation"]

1. d4 d6 2. c4 e5 3. Nf3 e4 4. Ng5 f5 5. g3 Nf6 6. Bg2 g6 7. O-O Bg7 8. f3 h6 9. Nh3 exf3 10. exf3 O-O 11. Nc3 Nc6 12. Be3 Qe8 13. Qd2 g5 14.
Rae1 Qg6 15. Qc2 a6 16. Nf2 Qf7 17. f4 Qxc4 18. fxg5 hxg5 19. Bxg5 Nxd4 20. Qd2 Be6 21. Bxf6 Rxf6 22. Rxe6 Rxe6 23. Bd5 Qxd5 24. Nxd5 Nf3+ 25. Kg2 Nxd2 26. Rd1 Re2 27. Nf4 Rae8 0-1

[Event "*** Titled Tuesday Blitz"]
[Site "Chess.com"]
[Date "2020.04.28"]
[Round "5"]
[White "MartinMatthiesen"]
[Black "manmanlai1"]
[Result "1-0"]
[WhiteElo "2471"]
[BlackElo "2295"]
[TimeControl "180+1"]
[EndTime "10:52:53 PDT"]
[Termination "MartinMatthiesen won by resignation"]

1. d4 d5 2. c4 e6 3. Nc3 Bb4 4. e3 Nf6 5. Nf3 O-O 6. Bd2 b6 7. cxd5 exd5 8. Rc1 a6 9. Bd3 Bb7 10. O-O Re8 11. Ne5 Bd6 12. f4 c5 13. Be1 Nc6 14. Bh4 Be7 15. Bxf6 Bxf6 16. Bxh7+ Kf8 17. Qh5 1-0

[Event "*** Titled Tuesday Blitz"]
[Site "Chess.com"]
[Date "2020.04.28"]
[Round "5"]
[White "Galiev_Azat"]
[Black "AlexOstrovskiy"]
[Result "0-1"]
[WhiteElo "2281"]
[BlackElo "2550"]
[TimeControl "180+1"]
[EndTime "10:52:56 PDT"]
[Termination "AlexOstrovskiy won on time"]

1. d4 e6 2. Bf4 b6 3. e3 Bb7 4. Nf3 Nf6 5. Bd3 Nh5 6. Bg3 Nxg3 7. hxg3 g6 8. c3 Bg7 9. Nbd2 d6 10. Qe2 Nd7 11.
O-O a6 12. e4 O-O 13. Rfe1 c5 14. Rad1 b5 15. e5 dxe5 16. dxe5 c4 0-1

[Event "*** Titled Tuesday Blitz"]
[Site "Chess.com"]
[Date "2020.04.28"]
[Round "5"]
[White "Guachiney"]
[Black "Shoytan"]
[Result "1-0"]
[WhiteElo "2836"]
[BlackElo "2585"]
[TimeControl "180+1"]
[EndTime "10:52:57 PDT"]
[Termination "Guachiney won by resignation"]

1. e4 e6 2. d4 d5 3. Nd2 c5 4. Ngf3 cxd4 5. Nxd4 Nf6 6. e5 Nfd7 7. Bb5 a6 8. Bxd7+ Nxd7 9. N2f3 Qc7 10. Bf4 Be7 11. O-O h6 12. Re1 O-O 13. c3 b5 14. Nd2 Nc5 15. Re3 f5 16. Qh5 Bd8 17. Rg3 Qf7 18. Qxh6 Nd3 19. N2f3 Ra7 20. Nc6 Rc7 21. Nxd8 Rxd8 22.
Qh4 Re8 23. Ng5 Qg6 24. Rxd3 1-0

[Event "*** Titled Tuesday Blitz"]
[Site "Chess.com"]
[Date "2020.04.28"]
[Round "5"]
[White "chenxiaoyuer"]
[Black "Schachmalanders"]
[Result "1-0"]
[WhiteElo "2147"]
[BlackElo "2310"]
[TimeControl "180+1"]
[EndTime "10:52:58 PDT"]
[Termination "chenxiaoyuer won by resignation"]

1. e4 c5 2. Nf3 d6 3. d4 cxd4 4. Nxd4 Nf6 5. Nc3 a6 6. Be2 e5 7.
Nb3 Be6 8. f4 exf4 9. Bxf4 Be7 10.
O-O O-O 11. Kh1 Nc6 12. Qe1 Ne5 13. Rd1 Qc8 14. Qg3 b5 15. Nd4 b4 16. Nd5 Re8 17.
Bxe5 dxe5 18. Nxe6 Qxe6 19. Nc7 Qxa2 20. Nxa8 Rxa8 21.
Qxe5 Bf8 22. b3 Qxc2 23. Bc4 Re8 24. Qc7 Re7 25. Bxf7+ Rxf7 26. Qxc2 1-0

[Event "*** Titled Tuesday Blitz"]
[Site "Chess.com"]
[Date "2020.04.28"]
[Round "5"]
[White "atwalcb"]
[Black "SiddharthGMJagadeesh"]
[Result "0-1"]
[WhiteElo "2266"]
[BlackElo "2482"]
[TimeControl "180+1"]
[EndTime "10:53:04 PDT"]
[Termination "SiddharthGMJagadeesh won by resignation"]

1. d4 d5 2. Nf3 Nf6 3. c4 e6 4. g3 Bb4+ 5. Bd2 Be7 6. Bg2 O-O 7.
Qc2 c6 8. O-O b6 9. Rd1 Ba6 10.
b3 Nbd7 11. Bf4 Ne4 12. Nfd2 f5 13. f3 Nxd2 14. Nxd2 Rc8 15. e4 fxe4 16. fxe4 Nf6 17. e5 Nh5 18. Be3 Bg5 19. Nf1 Rxf1+ 20. Rxf1 Bxe3+ 21. Kh1 Bxd4 22. Rae1 Qg5 23. Qe2 Nxg3+ 24. hxg3 Qh6+ 25. Bh3 Qxh3+ 26. Qh2 Qxh2+ 27. Kxh2 dxc4 28. bxc4 Bxc4 29. Rf4 c5 30. Rc1 b5 31. a4 a6 32.
axb5 axb5 33. Rc2 Bxe5 34. Re4 Bd3 0-1

[Event "*** Titled Tuesday Blitz"]
[Site "Chess.com"]
[Date "2020.04.28"]
[Round "5"]
[White "SameerMujumdar"]
[Black "MPGM"]
[Result "0-1"]
[WhiteElo "2229"]
[BlackElo "2506"]
[TimeControl "180+1"]
[EndTime "10:53:07 PDT"]
[Termination "MPGM won by resignation"]

1. e4 c6 2. d4 d5 3. Nc3 dxe4 4. Nxe4 Nf6 5. Ng5 Bf5 6. Bc4 e6 7. Ne2 Be7 8. O-O O-O 9. c3 Nbd7 10. Ng3 Bg6 11.
Re1 Nd5 12. Nf3 h6 13. Bd3 Bxd3 14. Qxd3 N7f6 15. Bd2 c5 16. Rad1 cxd4 17. Nxd4 Qb6 18. Qb1 Rfd8 19. b4 Rac8 20. Qb3 Qa6 21. b5 Qa3 22. c4 Nb6 23. Nc2 Qa4 24. Nf5 exf5 25. Rxe7 Qxc4 0-1

[Event "*** Titled Tuesday Blitz"]
[Site "Chess.com"]
[Date "2020.04.28"]
[Round "5"]
[White "Szparu"]
[Black "GMartin_Petrov"]
[Result "1-0"]
[WhiteElo "2515"]
[BlackElo "2664"]
[TimeControl "180+1"]
[EndTime "10:53:09 PDT"]
[Termination "Szparu won by resignation"]

1. e4 c5 2. Nf3 d6 3. d4 cxd4 4. Nxd4 Nf6 5. Nc3 a6 6. Bc4 e6 7. Bb3 Nbd7 8. O-O Nc5 9. f4 Nfxe4 10. Nxe4 Nxe4 11. f5 e5 12. Qh5 d5 13. Re1 Bc5 14. Rxe4 Bxd4+ 15. Rxd4 exd4 16. Bg5 Qb6 17. Re1+ Kf8 18.
Bxd5 Qc7 19. Bf4 Qd7 20. Bd6+ Kg8 21. Qxf7+ 1-0

[Event "*** Titled Tuesday Blitz"]
[Site "Chess.com"]
[Date "2020.04.28"]
[Round "5"]
[White "Joshukid"]
[Black "albano87"]
[Result "1-0"]
[WhiteElo "2550"]
[BlackElo "2381"]
[TimeControl "180+1"]
[EndTime "10:53:09 PDT"]
[Termination "Joshukid won by resignation"]

1. Nf3 c5 2. c4 Nf6 3. b3 g6 4. Bb2 Bg7 5. g3 O-O 6. Bg2 Nc6 7. O-O e5 8. Nxe5 Nxe5 9. Bxe5 d5 10. cxd5 Nxd5 11.
Bxg7 Kxg7 12. Qc1 b6 13. Qb2+ Kg8 14. d4 Bb7 15. dxc5 bxc5 16. Rd1 Qg5 17. h4 Qh5 18. Bf3 Qf5 19. Bg2 Rad8 20. Na3 Qg4 21. Rd2 Rd7 22. Rad1 Rfd8 23. Kh2 g5 24. Bh3 Qh5 25.
Bxd7 Rxd7 26. Qe5 f6 27. Qf5 Re7 28. Rxd5 Rxe2 29. Rd8+ 1-0

[Event "*** Titled Tuesday Blitz"]
[Site "Chess.com"]
[Date "2020.04.28"]
[Round "5"]
[White "Jenia84"]
[Black "Alexandercs432"]
[Result "0-1"]
[WhiteElo "2270"]
[BlackElo "2110"]
[TimeControl "180+1"]
[EndTime "10:53:09 PDT"]
[Termination "Alexandercs432 won by resignation"]

1. e4 e5 2. Nf3 Nf6 3. Nxe5 d6 4. Nf3 Nxe4 5. Nc3 Nxc3 6. dxc3 Be7 7. Bf4 Nc6 8. Qd2 Be6 9. Bd3 Qd7 10. O-O-O Bf6 11. Rhe1 O-O-O 12. Kb1 Kb8 13. Bb5 a6 14. Bd3 h6 15. h3 Rde8 16. Be4 Bf5 17. Bd5 Be6 18. c4 Ne7 19. Bxe6 fxe6 20. c5 Qb5 21. c4 Qxc5 22.
Rxe6 Qf5+ 0-1

[Event "*** Titled Tuesday Blitz"]
[Site "Chess.com"]
[Date "2020.04.28"]
[Round "5"]
[White "AlanZhang"]
[Black "Boudicca64"]
[Result "1-0"]
[WhiteElo "2156"]
[BlackElo "1890"]
[TimeControl "180+1"]
[EndTime "10:53:11 PDT"]
[Termination "AlanZhang won by resignation"]

1. e4 c5 2. Nf3 e6 3. d4 cxd4 4. Nxd4 Nf6 5. Bd3 d5 6. exd5 Nxd5 7. O-O Be7 8. Nb3 O-O 9. Bd2 Nc6 10. Nc3 a6 11. a4 b6 12. Qe2 Bb7 13. Nxd5 Qxd5 14. Be4 Qe5 15. Bc3 Nd4 16. Bxh7+ Kxh7 17. Qxe5 Nf3+ 18. gxf3 Bf6 19. Qh5+ Kg8 20. Bxf6 gxf6 21. Kh1 Rfc8 22. Rg1+ Kf8 23. Nd4 Ke7 24. Rg7 Rf8 25.
Re1 e5 26. Nf5+ Ke6 27. Rd1 Bd5 28. c4 1-0

[Event "*** Titled Tuesday Blitz"]
[Site "Chess.com"]
[Date "2020.04.28"]
[Round "5"]
[White "MiroVlasenko"]
[Black "KrakenBeast"]
[Result "1-0"]
[WhiteElo "2600"]
[BlackElo "2421"]
[TimeControl "180+1"]
[EndTime "10:53:12 PDT"]
[Termination "MiroVlasenko won by resignation"]

1. d4 Nf6 2. Bg5 d5 3. e3 Nbd7 4. Nf3 e6 5. Bd3 h6 6. Bh4 Be7 7. Nbd2 b6 8. Qe2 Bb7 9. O-O O-O 10.
a4 a5 11. Rad1 Ne4 12. Bxe7 Qxe7 13. Bb5 c6 14. Bd3 c5 15. c3 e5 16. Bb5 exd4 17. exd4 Rfe8 18. dxc5 bxc5 19. Nxe4 f5 20. Bxd7 Qxd7 21.
Nxc5 Rxe2 22. Nxd7 Rxb2 23. Rb1 Rxb1 24. Rxb1 Bc6 25.
Nc5 Re8 26. Nd4 Rc8 27. Nxf5 Kf8 28. Ne6+ Kf7 29. Nd6+ Kxe6 30. Nxc8 1-0

[Event "*** Titled Tuesday Blitz"]
[Site "Chess.com"]
[Date "2020.04.28"]
[Round "5"]
[White "VolodymyrMolyboha"]
[Black "RaphaeI"]
[Result "0-1"]
[WhiteElo "2419"]
[BlackElo "2631"]
[TimeControl "180+1"]
[EndTime "10:53:13 PDT"]
[Termination "RaphaeI won by resignation"]

1. e4 c5 2. Nf3 Nc6 3. Bb5 g6 4. O-O Bg7 5. Re1 e5 6. c3 Nge7 7. d4 cxd4 8. cxd4 exd4 9. e5 O-O 10. Bg5 Qb6 11. Na3 Nf5 12. Bd3 d5 13. Nb5 a6 14.
Nd6 Nxd6 15. exd6 Bg4 16. h3 Bxf3 17. Qxf3 Ne5 18. Qg3 Qxd6 19. f4 Nxd3 20. Be7 Qxf4 21. Qxd3 Rfe8 22. Re2 Rac8 23. Rf1 Rc1 24. Rxc1 Qxc1+ 25.
Kh2 Qc7+ 0-1